 Dungeon Crawl Stone Soup version 0.29-a0-559-g359e09b9d1 (webtiles) character file.

Game seed: 68746591042171240

90 DungeonDestroyer the Shield-Bearer (level 4, 0/41 HPs)
             Began as a Gnoll Fighter on June 10, 2022.
             Slain by an orc
             ... wielding a +0 hand axe
              (6 damage)
             ... on level 3 of the Dungeon.
             The game lasted 00:04:13 (2013 turns).

DungeonDestroyer the Shield-Bearer (Gnoll Fighter)  Turns: 2013, Time: 00:04:14

Health: 0/41       AC:  7    Str: 17    XL:     4   Next: 56%
Magic:  5/5        EV:  3    Int:  8    God:
Gold:   84         SH: 27    Dex: 11    Spells: 5/5 levels left

rFire   . . .      SeeInvis .   a - +0 long sword
rCold   . . .      Faith    .   f - +18 shield of the Gong {rElec rN+ Will+ EV-5}
rNeg    + . .      Spirit   .   b - +0 scale mail
rPois   .          Reflect  .   (no helmet)
rElec   +          Harm     .   (no cloak)
rCorr   .          Rampage  .   (no gloves)
Will    +....                   (no boots)
Stlth   ..........              (no amulet)
HPRegen 0.13/turn               (no ring)
MPRegen 0.09/turn               (no ring)

@: no status effects
A: fangs 1, strong nose, distributed training
a: no special abilities


You were on level 3 of the Dungeon.
You visited 1 branch of the dungeon, and saw 3 of its levels.

You collected 84 gold pieces.

Inventory:

Hand Weapons
 a - a +0 long sword (weapon)
Missiles
 e - 18 stones (quivered)
Armour
 b - a +0 scale mail (worn)
 c - a +0 buckler
 f - the +18 shield of the Gong (worn) {rElec rN+ Will+ EV-5}
   (You acquired it on level 1 of the Dungeon)

   It is deafeningly noisy when blocking attacks.
   EV:        It affects your evasion (-5).
   rElec:     It insulates you from electricity.
   rN:        It protects you from negative energy.
   Will:      It increases your willpower.
Scrolls
 g - 2 scrolls of identify {unknown}
 h - a scroll of enchant weapon {unknown}
 i - a scroll of teleportation {unknown}
 j - a scroll of fog {unknown}
 k - a scroll of blinking {unknown}
Potions
 d - a potion of might


   Skills:
 + Level 6.6 Fighting
 + Level 1.2 Short Blades
 + Level 4.6 Long Blades
 + Level 1.2 Axes
 + Level 1.2 Maces & Flails
 + Level 1.2 Polearms
 + Level 1.2 Staves
 + Level 1.2 Slings
 + Level 1.2 Bows
 + Level 1.2 Crossbows
 + Level 1.2 Throwing
 + Level 6.6 Armour
 + Level 1.2 Dodging
 + Level 1.2 Stealth
 + Level 6.6 Shields
 + Level 1.2 Unarmed Combat
 + Level 1.2 Spellcasting
 + Level 1.0 Conjurations
 + Level 1.0 Hexes
 + Level 1.0 Summonings
 + Level 1.0 Necromancy
 + Level 1.0 Translocations
 + Level 1.0 Transmutations
 + Level 1.0 Fire Magic
 + Level 1.0 Ice Magic
 + Level 1.0 Air Magic
 + Level 1.0 Earth Magic
 + Level 1.0 Poison Magic
 + Level 1.3 Invocations
 + Level 1.2 Evocations


You had 5 spell levels left.
You didn't know any spells.
Your spell library was empty.

Dungeon Overview and Level Annotations

Branches:
Dungeon (3/15)

Altars:
Gozag


Innate Abilities, Weirdness & Mutations

You have very sharp teeth.
Your uncanny sense of smell can sniff out nearby items.
Your experience applies equally to all skills.


Message History

GONNNNG!
You block the orc's attack.
BOUMMMMG!
You block the kobold's attack.
SHROANNG!
The orc hits you but does no damage.
You hit the kobold.
The kobold is heavily wounded.
The orc hits you but does no damage. You block the orc's attack.
GONNNNG!
You block the kobold's attack.
GONNNNG!
You block the orc's attack.
PANG!
The orc hits you but does no damage. The orc completely misses you.
The kobold barely misses you. The orc hits you but does no damage.
You closely miss the kobold. You bite the kobold, but do no damage.
The kobold is heavily wounded.
You block the orc's attack.
SHROANNG!
The orc barely misses you. You block the kobold's attack.
GONNNNG!
The orc hits you with a +0 hand axe.
* * * LOW HITPOINT WARNING * * *
You slash the kobold!
You kill the kobold!
You block the orc's attack.
PTOANNNG!
You block the orc's attack.
PTOANNNG!
The orc hits you with a +0 hand axe.
* * * LOW HITPOINT WARNING * * *
You barely miss the worm. You block the orc's attack.
PTOANNNG!
You block the orc's attack.
SHROANNG!
The orc hits you with a +0 hand axe.
* * * LOW HITPOINT WARNING * * *
The worm bites you but does no damage. The orc hits you with a +0 hand axe.
You die... .? ##. #. .... #. .... #. ..... ######.###..<.. .............
PPPP.._boPPPP..

∆......ooo...... #######@#######
# #w## .# .###############..###
#####.####
....................##
#.#.†.....
########.########....###†..##.##
#......## ##.#.##....)...#
#.####..# ##.......##.w..[.
####†## ##.# #.......K.w......
##.....## #.# ###.#####.#####..


You could see a worm, 4 orcs and a bat.

Vanquished Creatures
  2 adders
  A worm (D:2)
  A dart slug (D:1)
  3 orcs (D:3)
  3 endoplasms
  A giant cockroach (D:3)
  4 hobgoblins
  6 jackals
  5 quokkas
  8 ball pythons
  3 bats
  3 frilled lizards
  9 goblins
  4 kobolds
  5 rats
58 creatures vanquished.

Vanquished Creatures (others)
  3 plants (D:3)
3 creatures vanquished.

Grand Total: 61 creatures vanquished

Notes
Turn   | Place    | Note
-------+----------+-------------------------------------------
     0 | D:1      | DungeonDestroyer the Gnoll Fighter began the quest for the
                  | Orb.
     0 | D:1      | Reached XP level 1. HP: 23/23 MP: 1/1
   182 | D:1      | Reached XP level 2. HP: 26/29 MP: 2/2
   479 | D:1      | Reached XP level 3. HP: 27/35 MP: 3/3
   796 | D:1      | Identified a scroll of acquirement
   796 | D:1      | Acquired the +18 shield of the Gong {rElec rN+ Will+ EV-5}
   796 | D:1      | Found the +18 shield of the Gong {rElec rN+ Will+ EV-5}
  1010 | D:2      | Reached skill level 1 in Invocations
  1034 | D:2      | Reached skill level 1 in Short Blades
  1034 | D:2      | Reached skill level 1 in Axes
  1034 | D:2      | Reached skill level 1 in Maces & Flails
  1034 | D:2      | Reached skill level 1 in Polearms
  1034 | D:2      | Reached skill level 1 in Staves
  1034 | D:2      | Reached skill level 1 in Slings
  1034 | D:2      | Reached skill level 1 in Bows
  1034 | D:2      | Reached skill level 1 in Crossbows
  1034 | D:2      | Reached skill level 1 in Throwing
  1034 | D:2      | Reached skill level 1 in Dodging
  1034 | D:2      | Reached skill level 1 in Stealth
  1034 | D:2      | Reached skill level 1 in Unarmed Combat
  1034 | D:2      | Reached skill level 1 in Spellcasting
  1034 | D:2      | Reached skill level 1 in Evocations
  1745 | D:2      | Reached XP level 4. HP: 40/41 MP: 5/5
  1754 | D:2      | Found a faded altar of an unknown god.
  1929 | D:3      | Found an opulent altar of Gozag.
  2001 | D:3      | Reached skill level 1 in Conjurations
  2001 | D:3      | Reached skill level 1 in Hexes
  2001 | D:3      | Reached skill level 1 in Summonings
  2001 | D:3      | Reached skill level 1 in Necromancy
  2001 | D:3      | Reached skill level 1 in Translocations
  2001 | D:3      | Reached skill level 1 in Transmutations
  2001 | D:3      | Reached skill level 1 in Fire Magic
  2001 | D:3      | Reached skill level 1 in Ice Magic
  2001 | D:3      | Reached skill level 1 in Air Magic
  2001 | D:3      | Reached skill level 1 in Earth Magic
  2001 | D:3      | Reached skill level 1 in Poison Magic
  2013 | D:3      | Slain by an orc

Illustrated notes

Levels and vault maps discovered:
D:1:      matt_arrival_refuge, layout_loops_ring, st_stairs_6, minmay_distorted
D:2:      layout_basic, ebering_ecumenical_altar_ruins
D:3:      layout_rooms, nicolae_overflow_hidden_temple,
          mainiacjoe_overflow_boulevard, nicolae_overflow_ecumenical_swirl,
          serial_shops, nicolae_shop_trees, nicolae_lakefront_shop,
          nicolae_shop_bloodbath_and_beyond, nicolae_shop_behind_doors,
          serial_aquarium, aquarium_bridge_long_separate
          [aquarium_subvault_window, aquarium_subvault_wall,
          aquarium_subvault_bridge, aquarium_subvault_bridge,
          aquarium_subvault_balcony, aquarium_subvault_bridge],
          aquarium_window_corner, aquarium_window_fake, aquarium_view_2b,
          aquarium_balcony_3a, grunt_ministairs_2, dk_vineyard_2

Skill      XL: |  1  2  3  4 |
---------------+-------------+-----
Invocations    | 1 |  1.3
Short Blades   | 1 |  1.2
Axes           | 1 |  1.2
Maces & Flails | 1 |  1.2
Polearms       | 1 |  1.2
Staves         | 1 |  1.2
Slings         | 1 |  1.2
Bows           | 1 |  1.2
Crossbows      | 1 |  1.2
Throwing       | 1 |  1.2
Dodging        | 1 |  1.2
Stealth        | 1 |  1.2
Unarmed Combat | 1 |  1.2
Spellcasting   | 1 |  1.2
Evocations     | 1 |  1.2
Conjurations   | 1 |  1.0
Hexes          | 1 |  1.0
Summonings     | 1 |  1.0
Necromancy     | 1 |  1.0
Translocations | 1 |  1.0
Transmutations | 1 |  1.0
Fire Magic     | 1 |  1.0
Ice Magic      | 1 |  1.0
Air Magic      | 1 |  1.0
Earth Magic    | 1 |  1.0
Poison Magic   | 1 |  1.0
Fighting       | |  6.6
Long Blades    | |  4.6
Armour         | |  6.6
Shields        | |  6.6

Action                   |  1- 3 |  4- 6 || total
-------------------------+-------+-------++-------
Melee: Long sword        |   138 |    57 ||   195
       Bite              |    12 |     7 ||    19
  Use: Potion            |     1 |       ||     1
       Scroll            |     1 |       ||     1
Armor: Scale mail        |    53 |    29 ||    82
Dodge: Dodged            |    36 |     9 ||    45
Block: Buckler           |    21 |       ||    21
       Kite shield       |    74 |   123 ||   197

Table legend: (Time is in decaauts)
 A = Elapsed time spent in this place.
 B = Non-inter-level travel time spent in this place.
 C = Inter-level travel time spent in this place.
 D = Time resting spent in this place.
 E = Time spent auto-exploring this place.
 F = Levels seen in this place.
 G = Mean time per level.
                   A        B        C        D        E       F      G
               +--------+--------+--------+--------+--------+-----+--------+
         Total |   2067 |   2014 |     53 |      8 |   1571 |   3 |  689.0 |
       Dungeon |   2067 |   2014 |     53 |      8 |   1571 |   3 |  689.0 |
               +--------+--------+--------+--------+--------+-----+--------+

Top non-repeatable levels by time:
     D:2: 1023 daAuts
     D:1: 865 daAuts
     D:3: 178 daAuts
